 Dungeon Crawl Stone Soup version 0.22-a0-240-g539252a (webtiles) character file.

12 Amnesiac the Charlatan (level 2, 0/14 HPs)
             Began as a Spriggan Artificer on Feb 21, 2018.
             Slain by an adder (5 damage)
             ... on level 3 of the Dungeon.
             The game lasted 00:01:50 (655 turns).

Amnesiac the Charlatan (Spriggan Artificer)          Turns: 655, Time: 00:01:51

Health: 0/14       AC:  2    Str:  8    XL:     2   Next: 20%
Magic:  6/6        EV: 18    Int: 12    God:
Gold:   49         SH:  0    Dex: 16    Spells: 1/1 levels left

rFire    . . .     SeeInvis +   b - +0 hunting sling
rCold    . . .     Gourm    .   (shield restricted)
rNeg     . . .     Faith    .   k - +0 robe
rPois    .         Spirit   .   (helmet restricted)
rElec    .         Reflect  .   (no cloak)
rCorr    .         Harm     .   (gloves unavailable)
MR       .....                  (boots unavailable)
Stlth    ++........             (no amulet)
HPRegen  0.04/turn              (no ring)
MPRegen  0.10/turn              (no ring)

@: very quick
A: very small, unfitting armour, see invisible, herbivore, speed 3, slow
metabolism 2
a: no special abilities


You were on level 3 of the Dungeon.
You were not hungry.

You visited 1 branch of the dungeon, and saw 3 of its levels.

You collected 49 gold pieces.

Inventory:

Hand Weapons
 a - a +0 short sword
 b - a +0 hunting sling (weapon)
Missiles
 h - 35 stones (quivered)
 j - 24 sling bullets
Armour
 k - a +0 robe (worn)
Wands
 c - a wand of flame (15)
 d - a wand of enslavement (15)
 e - a wand of random effects (15)
Scrolls
 i - a scroll of immolation {!r, unknown}
 l - 2 scrolls of random uselessness {!r, unknown}
 m - a scroll of enchant weapon {!r, unknown}
Potions
 g - 4 potions of curing {!q, unknown}
Comestibles
 f - 2 rations


   Skills:
 - Level 0.7 Fighting
 - Level 1.2 Short Blades
 + Level 2.1 Slings
 - Level 3.0 Dodging
 - Level 1.6 Stealth
 - Level 4.0 Evocations


You had one spell level left.
You didn't know any spells.

Dungeon Overview and Level Annotations

Branches:
Dungeon (3/15)

Altars:


Innate Abilities, Weirdness & Mutations

You are very small and have problems with some larger weapons.
You are too small for most types of armour.
You have supernaturally acute eyesight. (SInv)
You are a herbivore.
You cover ground extremely quickly.
You need consume almost no food.


Message History

An adder comes into view.
An adder is nearby!
An adder is nearby!
Firing (i - inventory. (/) - cycle)
h - 47 stones (quivered)
Press: ? - help, Shift-Dir - straight line, f - adder
Aim: an adder (resting)
You shoot a stone. The stone hits the adder.
The adder hisses angrily.
The adder is lightly wounded.
Firing (i - inventory. (/) - cycle)
h - 46 stones (quivered)
Press: ? - help, Shift-Dir - straight line, f/p - adder
Aim: an adder (lightly wounded)
You shoot a stone. The stone hits the adder.
The adder is heavily wounded.
Firing (i - inventory. (/) - cycle)
h - 45 stones (quivered)
Press: ? - help, Shift-Dir - straight line, f/p - adder
Aim: an adder (heavily wounded)
You shoot a stone. The stone misses the adder.
Firing (i - inventory. (/) - cycle)
h - 44 stones (quivered)
Press: ? - help, Shift-Dir - straight line, f/p - adder
Aim: an adder (heavily wounded)
You shoot a stone. The stone closely misses the adder.
Firing (i - inventory. (/) - cycle)
h - 43 stones (quivered)
Press: ? - help, Shift-Dir - straight line, f/p - adder
Aim: an adder (heavily wounded)
You shoot a stone. The stone misses the adder.
The adder misses you.
Firing (i - inventory. (/) - cycle)
h - 42 stones (quivered)
Press: ? - help, Shift-Dir - straight line, f/p - adder
Aim: an adder (heavily wounded)
You shoot a stone. The stone closely misses the adder.
The adder completely misses you. x2
Firing (i - inventory. (/) - cycle)
h - 41 stones (quivered)
Press: ? - help, Shift-Dir - straight line, f/p - adder
Aim: an adder (heavily wounded)
You shoot a stone. The stone closely misses the adder.
The adder barely misses you.
Firing (i - inventory. (/) - cycle)
h - 40 stones (quivered)
Press: ? - help, Shift-Dir - straight line, f/p - adder
Aim: an adder (heavily wounded)
You shoot a stone. The stone barely misses the adder.
The adder bites you. The adder bites you but does no damage.
Firing (i - inventory. (/) - cycle)
h - 39 stones (quivered)
Press: ? - help, Shift-Dir - straight line, f/p - adder
Aim: an adder (heavily wounded)
You shoot a stone. The stone misses the adder.
The adder misses you.
Firing (i - inventory. (/) - cycle)
h - 38 stones (quivered)
Press: ? - help, Shift-Dir - straight line, f/p - adder
Aim: an adder (heavily wounded)
You shoot a stone. The stone barely misses the adder.
The adder closely misses you.
Firing (i - inventory. (/) - cycle)
h - 37 stones (quivered)
Press: ? - help, Shift-Dir - straight line, f/p - adder
Aim: an adder (heavily wounded)
You shoot a stone. The stone misses the adder.
The adder bites you.
* * * LOW HITPOINT WARNING * * *
The adder bites you.
* * * LOW HITPOINT WARNING * * *
Firing (i - inventory. (/) - cycle)
h - 36 stones (quivered)
Press: ? - help, Shift-Dir - straight line, f/p - adder
Aim: an adder (heavily wounded)
You shoot a stone. The stone hits the adder.
The adder is severely wounded.
The adder bites you.
You die...

.### #.# .# #.# .# #.#
+## #.# ..## #.# ...##
###.### ....## ##.#...#
.....####...##.######...
.....'..........@S....((
.....####....########.#.
....## ##.#.# ...##
###.# ..#### #.# .....#
#.# .###.# #.# .# #.#
#.# .###.# #.#


You could see an adder.

Vanquished Creatures
  A leopard gecko (D:3)
  2 giant cockroaches
  2 goblins
  3 kobolds
  2 rats
10 creatures vanquished.

Notes
Turn   | Place    | Note
-------+----------+-------------------------------------------
     0 | D:1      | Amnesiac the Spriggan Artificer began the quest for the Orb.
     0 | D:1      | Reached XP level 1. HP: 9/9 MP: 4/4
   319 | D:2      | Reached skill level 1 in Slings
   431 | D:2      | Reached XP level 2. HP: 12/14 MP: 6/6
   655 | D:3      | Slain by an adder

Vault maps used:
D:1:      tarquinn_simple_flora_water_d
D:2:      first_ration, minmay_pentomino_v2
D:3:      uniq_jessica

Skill      XL: |  1  2 |
---------------+-------+-----
Slings         | 1 2 |  2.1
Fighting       | |  0.7
Short Blades   | |  1.2
Dodging        | |  3.0
Stealth        | |  1.6
Evocations     | |  4.0

Action                   || total
-------------------------++-------
Melee: Short sword       ||     6
 Fire: Hunting sling     ||    47
Armor: Robe              ||     1
Dodge: Dodged            ||    19

Table legend:
 A = Spawn XP
 B = Non-spawn XP
 C = Spawn XP percentage of total XP
 D = Spawn monster count
 E = Non-spawn monster count
 F = Spawn count percentage of total count
 G = Total turns spent on level
                    A         B        C        D         E        F      G
               +---------+---------+-------+---------+---------+-------+---------
         Total |       0 |      18 |   0.0 |       0 |      10 |   0.0 |   655
               +---------+---------+-------+---------+---------+-------+---------
           D:1 |       0 |       5 |   0.0 |       0 |       3 |   0.0 |   298
           D:2 |       0 |       7 |   0.0 |       0 |       4 |   0.0 |   152
           D:3 |       0 |       6 |   0.0 |       0 |       3 |   0.0 |   205
               +---------+---------+-------+---------+---------+-------+---------
